Map: [ESL] Hardwire

Players

Maru - Winner!

  • Race: Terran Terran

Clem

  • Race: Terran Terran

Event: IEM Katowice 2022

VOD

Have the link to the VOD?

Description

Time

  • Played on: Feb. 25, 2022, 11:24 a.m.
  • Length: 15:35

All games in this series

Show
View Real Time Build Order
Export as new Build Order

Maru Terran - Winner!

Build Orders:  

Get SALT Encoding   

  12  0:00  SCV  
  13  0:12  SCV  
  14  0:17  Supply Depot  
  14  0:24  SCV  
  15  0:38  SCV  
  15  0:39  Barracks  
  16  0:43  Refinery  
  16  0:50  SCV  
  16  0:52  Refinery  
  17  1:02  SCV  
  18  1:15  SCV  
  19  1:27  Reaper, Orbital Command  
  19  1:32  Supply Depot  
  20  1:44  Factory  
  20  1:53  SCV  
  21  1:59  Reaper  
  22  2:05  SCV  
  23  2:17  SCV  
  23  2:20  Command Center  
  24  2:29  SCV, Hellion  
  27  2:33  Barracks Reactor  
  27  2:37  Supply Depot  
  27  2:41  SCV  
  28  2:50  Widow Mine  
  30  2:54  SCV  
  30  2:55  Starport  
  31  3:06  SCV  
  31  3:09  Marine  
  31  3:10  Marine  
  34  3:13  Factory Tech Lab  
  34  3:14  Refinery  
  34  3:18  SCV  
  35  3:30  SCV, Marine x2  
  35  3:32  Orbital Command  
  38  3:35  Starport Tech Lab  
  41  3:41  Cyclone  
  41  3:42  SCV  
  41  3:48  Marine x2  
  44  3:50  Supply Depot  
  44  3:55  Raven  
  46  3:58  SCV  
  46  4:00  SCV  
  48  4:10  SCV  
  48  4:12  SCV  
  48  4:13  Siege Tank  
  53  4:17  Supply Depot  
  53  4:22  SCV  
  55  4:24  SCV  
  57  4:34  SCV  
  57  4:36  SCV  
  57  4:37  Command Center  
  55  4:40  Raven  
  60  4:45  Siege Tank  
  60  4:47  SCV  
  60  4:49  SCV  
  62  4:55  Supply Depot, Refinery  
  62  4:59  SCV, Marine x2  
  65  5:01  SCV  
  66  5:11  SCV  
  66  5:13  Barracks, SCV  
  68  5:14  Barracks  
  68  5:19  Siege Tank  
  71  5:23  SCV  
  71  5:26  SCV  
  73  5:29  Engineering Bay  
  73  5:30  Engineering Bay  
  73  5:35  SCV  
  74  5:36  Viking  
  74  5:37  Viking  
  74  5:40  Stimpack  
  78  5:49  SCV x2  
  80  5:50  Supply Depot  
  80  5:51  Orbital Command  
  80  5:57  Terran Infantry Weapons Level 1, Terran Infantry Armor Level 1  
  80  6:01  SCV  
  80  6:02  Siege Tank  
  82  6:06  SCV  
  83  6:13  SCV  
  83  6:14  Orbital Command  
  83  6:17  Viking x2  
  88  6:18  SCV  
  88  6:22  Sensor Tower  
  88  6:25  SCV  
  90  6:27  Barracks Reactor  
  90  6:29  Barracks Reactor  
  90  6:31  Supply Depot  
  90  6:34  SCV  
  90  6:37  SCV  
  90  6:39  Supply Depot  
  92  6:40  SCV  
  92  6:44  Siege Tank  
  92  6:46  SCV  
  97  6:49  SCV  
  97  6:52  SCV  
  99  6:56  Refinery  
  99  6:57  Refinery  
  99  7:00  SCV  
  99  7:01  Supply Depot, SCV  
  99  7:04  Viking x2  
  104  7:10  Marine x5  
  104  7:13  SCV  
  104  7:15  SCV  
  111  7:16  SCV, Siege Tank  
  111  7:20  Supply Depot x2  
  111  7:21  Supply Depot  
  111  7:22  Combat Shield  
  112  7:25  SCV  
  112  7:27  SCV  
  112  7:28  SCV  
  115  7:31  Armory  
  115  7:36  Barracks, Medivac x2  
  119  7:37  Barracks  
  119  7:38  SCV  
  119  7:43  SCV  
  121  7:44  Supply Depot, Marine x3  
  121  7:45  Marine x2  
  121  7:49  SCV  
  121  7:50  SCV, Siege Tank  
  131  8:00  Command Center  
  131  8:02  Marine x4  
  131  8:03  Marine  
  136  8:09  Viking x2  
  136  8:12  Supply Depot, SCV x3  
  143  8:20  Marine x2, Terran Infantry Weapons Level 2  
  143  8:21  Missile Turret  
  143  8:22  Missile Turret, Terran Vehicle Weapons Level 1  
  143  8:24  SCV  
  143  8:26  Terran Infantry Armor Level 2  
  145  8:28  Barracks Reactor x2  
  145  8:30  SCV  
  146  8:35  Siege Tank  
  146  8:36  Marine x3  
  146  8:38  Marine x2  
  154  8:44  SCV  
  152  8:50  Viking  
  152  8:51  Viking  
  152  8:53  Marine  
  152  8:54  Marine  
  159  8:55  Marine  
  159  8:56  Marine  
  159  9:02  Supply Depot  
  160  9:04  Factory  
  160  9:09  SCV  
  161  9:11  Marine x2  
  161  9:12  SCV  
  161  9:15  Barracks Reactor  
  164  9:22  Sensor Tower  
  164  9:23  Refinery  
  164  9:24  Marine x2  
  164  9:25  Siege Tank  
  164  9:26  Medivac, Command Center  
  164  9:27  Medivac  
  164  9:28  SCV, Refinery  
  168  9:37  SCV x2, Planetary Fortress  
  156  9:48  SCV  
  156  9:49  SCV, Starport  
  156  9:50  SCV  
  156  9:52  Starport  
  159  9:56  Viking  
  159  9:57  Viking, Marine x9  
  172  10:00  SCV  
  172  10:06  Supply Depot  
  173  10:08  Armory  
  173  10:10  Marine  
  173  10:11  Siege Tank x2  
  180  10:15  Marine x4  
  180  10:21  Marine x4  
  181  10:25  Marine  
  173  10:32  Command Center  
  173  10:33  Starport Tech Lab x2  
  173  10:36  Marine x4  
  173  10:37  Terran Vehicle Weapons Level 2  
  177  10:43  Siege Tank  
  180  10:53  Missile Turret, Siege Tank  
  180  10:54  Missile Turret  
  183  10:57  Planetary Fortress  
  183  11:00  Terran Vehicle And Ship Armor Level 1  
  183  11:04  SCV  
  183  11:15  Corvid Reactor  
  183  11:16  Refinery x2, Marine  
  180  11:20  Starport x2  
  180  11:21  Sensor Tower  
  180  11:25  Command Center  
  171  11:26  Command Center  
  171  11:27  Marine x9  
  171  11:31  Terran Infantry Weapons Level 3  
  175  11:55  Viking x2, Raven x2  
  171  12:05  Marine  
  171  12:06  Marine x3  
  166  12:10  Siege Tank x2  
  169  12:15  Starport Tech Lab, Starport Reactor  
  169  12:18  Orbital Command  
  169  12:21  Command Center  
  170  12:22  SCV  
  170  12:23  SCV x4  
  170  12:25  Refinery  
  170  12:27  Refinery  
  174  12:32  Sensor Tower  
  174  12:37  Sensor Tower  
  174  12:38  Orbital Command x2  
  174  12:41  Raven  
  174  12:42  Raven x2, Siege Tank x2  
  184  12:56  Missile Turret  
  183  13:13  Marine  
  183  13:14  Siege Tank x2  
  178  13:28  Marine  
  178  13:29  Marine x3  
  178  13:30  Raven, Marine  
  185  13:38  SCV x6  
  185  13:40  Command Center  
  191  13:46  Siege Tank x2  
  192  13:53  Raven  
  192  13:55  Marine x2  
  181  14:06  Marine x4  
  181  14:07  Marine x4  
  158  14:11  SCV x4  
  158  14:12  Refinery  
  158  14:13  Refinery  
  158  14:15  Raven  
  158  14:16  Raven, Marine x2  
  162  14:18  Siege Tank x2  
  162  14:20  Planetary Fortress  
  162  14:24  Marine x4  
  168  14:26  Marine x2  
  168  14:30  Refinery  
  174  14:34  Refinery  
  174  14:40  Marine  
  174  14:41  Marine x3, Medivac  
  174  14:42  Marine x3  
  174  14:43  Medivac  
  185  14:49  Command Center  
  185  14:50  Siege Tank x2  
  195  15:07  Marine x3  
Show
View Real Time Build Order
Export as new Build Order

Clem Terran 

Build Orders:  

Get SALT Encoding   

  12  0:00  SCV  
  13  0:12  SCV  
  14  0:16  Supply Depot  
  14  0:24  SCV  
  15  0:38  SCV  
  15  0:40  Barracks  
  16  0:44  Refinery  
  16  0:50  SCV  
  16  0:52  Refinery  
  17  1:02  SCV  
  18  1:14  SCV  
  19  1:26  Reaper  
  19  1:27  Supply Depot, Orbital Command  
  20  1:40  Factory  
  20  1:52  SCV  
  21  1:59  Reaper  
  22  2:04  SCV  
  23  2:15  Command Center  
  23  2:17  SCV  
  24  2:23  Hellion  
  24  2:29  SCV  
  27  2:32  Supply Depot, Barracks Reactor  
  27  2:41  SCV  
  27  2:42  Starport  
  28  2:47  Widow Mine  
  30  2:54  SCV  
  31  3:06  SCV  
  31  3:07  Marine  
  31  3:08  Marine  
  31  3:09  Factory Tech Lab  
  34  3:15  Refinery  
  34  3:18  SCV  
  35  3:20  Starport Tech Lab  
  35  3:25  Marine  
  35  3:26  Marine  
  37  3:27  Orbital Command  
  37  3:29  Cyclone  
  37  3:33  SCV  
  41  3:44  Marine x2  
  41  3:45  SCV  
  41  3:47  Supply Depot  
  44  3:50  Raven  
  44  3:52  SCV  
  47  3:57  SCV  
  48  4:04  SCV  
  48  4:05  Siege Tank  
  48  4:09  SCV  
  53  4:14  Supply Depot  
  53  4:17  SCV  
  54  4:21  SCV  
  55  4:25  Command Center  
  56  4:31  SCV  
  56  4:33  SCV, Raven  
  59  4:41  Supply Depot  
  59  4:43  SCV  
  59  4:44  Siege Tank  
  63  4:46  SCV  
  63  4:49  Barracks  
  64  4:55  Barracks, SCV  
  65  5:00  SCV, Refinery  
  65  5:06  Supply Depot  
  66  5:07  SCV  
  66  5:12  SCV  
  68  5:17  Siege Tank  
  68  5:19  SCV  
  72  5:23  Stimpack, Marine  
  72  5:24  SCV  
  72  5:26  Viking  
  76  5:30  Viking  
  76  5:33  SCV  
  79  5:37  SCV  
  79  5:39  Barracks Reactor  
  79  5:41  Barracks Reactor  
  79  5:42  Marine  
  80  5:47  SCV  
  80  5:49  Supply Depot, SCV  
  83  5:51  Siege Tank  
  86  5:59  Engineering Bay  
  86  6:00  Engineering Bay  
  86  6:01  Viking  
  89  6:04  SCV x2  
  89  6:07  Viking  
  89  6:10  Orbital Command  
  93  6:16  SCV  
  93  6:17  Marine  
  93  6:18  Supply Depot, Marine x2  
  95  6:19  Marine  
  95  6:22  SCV  
  98  6:27  Siege Tank  
  98  6:28  SCV  
  100  6:34  SCV  
  100  6:35  Viking  
  100  6:38  Viking  
  105  6:40  SCV  
  105  6:41  SCV  
  105  6:46  Terran Infantry Weapons Level 1  
  105  6:47  SCV  
  108  6:49  Terran Infantry Armor Level 1  
  108  6:50  Marine  
  108  6:52  SCV  
  108  6:53  SCV  
  111  6:57  Barracks  
  111  6:59  SCV, Barracks  
  112  7:02  Refinery  
  112  7:03  Siege Tank  
  112  7:04  Refinery  
  112  7:05  SCV x2  
  112  7:07  Supply Depot  
  117  7:09  Combat Shield  
  117  7:11  SCV  
  118  7:17  SCV x2  
  118  7:20  Sensor Tower  
  120  7:23  SCV  
  120  7:26  Marine  
  120  7:29  SCV x2  
  123  7:34  Supply Depot  
  123  7:35  Armory  
  123  7:36  SCV, Siege Tank, Command Center  
  127  7:39  Marine x3  
  127  7:41  SCV  
  131  7:45  Supply Depot  
  131  7:47  Supply Depot  
  131  7:48  Factory  
  131  7:51  Medivac  
  133  7:56  Supply Depot, Missile Turret, Medivac  
  133  7:57  Barracks Reactor  
  135  8:00  Marine x2  
  135  8:01  Marine  
  135  8:02  Supply Depot, Marine  
  135  8:03  Barracks Reactor  
  135  8:05  SCV x2  
  140  8:06  Marine  
  140  8:11  Supply Depot  
  140  8:12  Siege Tank  
  144  8:17  Supply Depot, SCV  
  145  8:22  Marine x4  
  148  8:30  Refinery  
  148  8:32  Medivac x2  
  148  8:33  Refinery  
  151  8:35  Marine x2  
  151  8:38  Terran Vehicle Weapons Level 1  
  151  8:39  SCV  
  151  8:40  Marine x3  
  157  8:45  Siege Tank  
  157  8:46  Marine x3  
  160  8:50  Barracks Reactor  
  160  8:52  Terran Infantry Weapons Level 2  
  160  8:53  Marine  
  160  8:54  Marine  
  162  8:58  Marine x2  
  162  9:00  SCV  
  163  9:03  Marine x2  
  163  9:04  Marine x2  
  163  9:05  Siege Tank  
  163  9:06  Viking x2  
  173  9:15  Terran Infantry Armor Level 2  
  173  9:16  Refinery  
  173  9:19  SCV  
  173  9:21  Refinery  
  172  9:26  Siege Tank  
  172  9:27  Marine  
  172  9:28  Marine  
  172  9:29  SCV  
  175  9:37  Siege Tank  
  175  9:39  Planetary Fortress  
  175  9:40  SCV  
  175  9:41  Command Center  
  176  9:46  SCV x2  
  176  9:47  Marine  
  176  9:52  SCV  
  180  9:53  Barracks Reactor  
  180  9:54  Viking x2  
  180  9:55  Marine x7  
  180  9:58  SCV  
  180  9:59  SCV  
  193  10:04  SCV  
  194  10:08  Sensor Tower, Siege Tank  
  194  10:10  SCV  
  194  10:13  SCV  
  199  10:19  SCV, Marine, Siege Tank  
  195  10:24  Viking  
  195  10:25  SCV  
  198  10:32  Sensor Tower  
  198  10:37  Command Center  
  198  10:41  Starport, Terran Vehicle Weapons Level 2  
  198  10:43  Starport  
  198  10:48  Refinery x2  
  198  11:03  Armory  
  197  11:06  Sensor Tower  
  197  11:07  Missile Turret, Viking  
  197  11:08  Missile Turret  
  199  11:19  Terran Infantry Weapons Level 3  
  199  11:25  Starport Tech Lab x2  
  197  11:30  Starport, Planetary Fortress  
  196  11:40  Command Center  
  196  11:42  Command Center  
  196  11:43  Viking x2  
  195  11:55  Viking  
  195  11:56  Viking  
  191  12:02  Siege Tank  
  191  12:07  Marine x2  
  172  12:12  Viking  
  172  12:13  Marine, Siege Tank  
  172  12:14  Marine x4  
  175  12:17  Viking x2  
  175  12:18  Marine x2  
  181  12:25  Terran Infantry Armor Level 3, Raven x2  
  181  12:28  Marine  
  186  12:32  SCV  
  186  12:34  Siege Tank  
  190  12:47  Viking x2  
  194  12:55  Orbital Command x2  
  194  12:57  Starport Tech Lab  
  194  12:59  Siege Tank  
  194  13:01  Marine x3  
  194  13:02  Marine  
  194  13:04  Marine  
  200  13:08  Missile Turret  
  200  13:09  Missile Turret  
  200  13:17  Marine x2  
  200  13:19  Siege Tank  
  196  13:20  Viking  
  196  13:22  Viking  
  196  13:25  Viking  
  186  13:28  Marine  
  186  13:29  Marine x6  
  186  13:31  Marine, Siege Tank  
  186  13:35  Marine, Orbital Command  
  186  13:37  Marine  
  177  13:51  Marine x4, Siege Tank  
  182  14:02  Viking  
  149  14:03  Marine, Siege Tank  
  149  14:06  Marine x3  
  149  14:07  Marine  
  130  14:14  Marine  
  130  14:15  Orbital Command  
  125  14:20  Marine  
  125  14:21  Starport x2  
  125  14:22  Starport  
  125  14:23  Siege Tank  
  129  14:25  Starport  
  129  14:27  Marine x2  
  129  14:30  Marine  
  129  14:31  Marine x5  
  137  14:32  Viking, Marine  
  137  14:35  Siege Tank  
  137  14:37  Starport  
  137  14:38  Marine  
  143  14:44  Marine x2  
  146  14:46  Missile Turret  
  146  14:48  Marine  
  146  14:51  Marine x4  
  151  14:55  Marine x2, Siege Tank  
  156  15:02  Marine x3  
  159  15:15  Marine x3  

Tags
 
Add a new tag
Caveats
  • Supply blocks, unpowered buildings, or Contaminate may cause inaccurate times.
  • Supply counts are checked every 10 seconds.